 Dungeon Crawl Stone Soup version 0.23.2-40-g277498a001 (webtiles) character file.

Game seed: 13666041952445597344

151 Emblim88 the Vandal (level 5, 0/41 HPs)
             Began as a Centaur Arcane Marksman on Sept 18, 2019.
             Was an Initiate of Qazlal.
             Slain by Menkaure (13 damage)
             ... on level 3 of the Dungeon.
             The game lasted 00:08:44 (2768 turns).

Emblim88 the Vandal (Centaur Arcane Marksman)       Turns: 2768, Time: 00:08:44

Health: 0/41       AC:  7    Str: 12    XL:     5   Next: 10%
Magic:  5/6        EV: 10    Int: 12    God:    Qazlal [......]
Gold:   146        SH:  0    Dex: 11    Spells: 2/6 levels left

rFire    . . .     SeeInvis .   t - +0 dagger (venom)
rCold    . . .     Gourm    .   (no shield)
rNeg     . . .     Faith    .   e - +0 robe
rPois    .         Spirit   .   b - +2 helmet
rElec    .         Reflect  .   o - scarf {cloud immunity}
rCorr    .         Harm     .   (no gloves)
MR       .....                  (no barding)
Stlth    +.........             (no amulet)
HPRegen  0.13/turn              (no ring)
MPRegen  0.10/turn              (no ring)

@: hasted, very quick
A: large, hooves 3, deformed body, speed 2, tough skin 3
a: Renounce Religion


You were on level 3 of the Dungeon.
You worshipped Qazlal.
Qazlal was noncommittal.
You were not hungry.

You visited 1 branch of the dungeon, and saw 4 of its levels.

You collected 146 gold pieces.

Inventory:

Hand Weapons
 a - a +0 hunting sling
 t - a +0 dagger of venom (weapon)
Missiles
 d - a sling bullet
 i - 90 stones (quivered)
 m - 25 arrows
 p - 6 needles of sleeping
Armour
 b - a +2 helmet (worn)
 e - a +0 robe (worn)
 o - a scarf of cloud immunity (worn)
Scrolls
 j - a scroll of enchant armour
 k - 2 scrolls of teleportation
 n - 2 scrolls of fear
 q - a scroll of remove curse
 r - a scroll of amnesia
 u - a scroll of fog
Potions
 g - 2 potions of haste
 h - 2 potions of berserk rage {unknown}
 s - a potion of heal wounds {unknown}
 v - a potion of ambrosia {unknown}
 w - a potion of degeneration {unknown}
Comestibles
 f - 7 rations


   Skills:
 + Level 2.1 Fighting
 + Level 4.8 Slings
 + Level 1.7 Dodging
 + Level 1.0 Spellcasting
 + Level 3.1 Hexes


You had 2 spell levels left.
You knew the following spells:

 Your Spells              Type           Power        Failure   Level  Hunger
a - Corona                Hex            #......      9%          1    ##.....
b - Inner Flame           Hex/Fire       #.......     43%         3    ####...

Your spell library contained the following spells:

 Spells                   Type           Power        Failure   Level  Hunger
 Slow                     Hex            #.......     13%         2    ###....
 Portal Projectile        Hex/Tloc       #.....       43%         3    ####...
 Cause Fear               Hex            #.........   63%         4    #####..
 Leda's Liquefaction      Hex/Erth       #.........   85%         4    #####..


Dungeon Overview and Level Annotations

Branches:
Dungeon (4/15)
 Temple: D:4-7

Altars:
Ashenzari
Fedhas
Kikubaaqudgha
Nemelex Xobeh
Qazlal
Sif Muna
Trog

Annotations:
D:3 Menkaure


Innate Abilities, Weirdness & Mutations

You have hooves in place of feet.
Armour fits poorly on your strangely shaped body.
You cover ground very quickly.
You have extremely tough skin. (AC +3)


Message History

You shoot a sling bullet.
The sling bullet hits Menkaure but does no damage.
Menkaure is lightly damaged.
Menkaure gestures at you while chanting.
Pain shoots through your body!
Firing (i - inventory. (/) - cycle)
d - 2 sling bullets (quivered)
Press: ? - help, Shift-Dir - straight line, f/p - Menkaure
Aim: Menkaure (lightly damaged, softly glowing)
You shoot a sling bullet. The sling bullet hits Menkaure!
Menkaure is moderately damaged.
You climb upwards.
There is a stone staircase leading down here.
Your +0 dagger of venom begins to drip with poison!
t - a +0 dagger of venom (weapon)
Menkaure hits you!!
Ouch! That really hurt!
* * * LOW HITPOINT WARNING * * *
You feel better.
It was a potion of haste.
You feel yourself speed up. Menkaure hits you!
You die...

##..##.####..........>.........#
#..........#P.P#.............##
#.###....###P.P#######.....)##
#.# ####.##.P.## #.#...## #.#
#.##P_.# #.##.## #.#
#.##..P########.##.#
#.######.######...........#
#..).....))...#.######...##
########.####.#@# ###.# #.#
#..M# #.# #.# ##### #.# #.# #.#
#.# #.# #.# #.# #.# ######.#
#.##########......#
#............######


You could see Menkaure.

Vanquished Creatures
  A hound (D:3)
  3 adders
  An ooze (D:3)
  A worm (D:2)
  2 dart slugs
  3 leopard geckos
  5 orcs (D:3)
  3 giant cockroaches
  6 goblins
  8 hobgoblins
  3 jackals (D:1)
  A quokka (D:2)
  8 bats
  10 frilled lizards
  10 kobolds
  10 rats
75 creatures vanquished.

Notes
Turn   | Place    | Note
-------+----------+-------------------------------------------
     0 | D:1      | Emblim88 the Centaur Arcane Marksman began the quest for
                  | the Orb.
     0 | D:1      | Reached XP level 1. HP: 16/16 MP: 2/2
   397 | D:1      | Reached XP level 2. HP: 23/23 MP: 3/3
   675 | D:1      | Reached skill level 3 in Slings
   683 | D:1      | Reached XP level 3. HP: 28/28 MP: 4/4
   691 | D:1      | Found a shattered altar of Ashenzari.
   807 | D:1      | Learned a level 3 spell: Inner Flame
  1202 | D:2      | Found a deep blue altar of Sif Muna.
  1276 | D:2      | Found a bloodstained altar of Trog.
  1366 | D:2      | Reached XP level 4. HP: 35/35 MP: 5/5
  1677 | D:3      | Found a stormy altar of Qazlal.
  1691 | D:3      | Became a worshipper of Qazlal Stormbringer
  1708 | D:3      | Reached skill level 4 in Slings
  1915 | D:3      | Found an ancient bone altar of Kikubaaqudgha.
  1916 | D:3      | Found a blossoming altar of Fedhas.
  1951 | D:3      | Found a sparkling altar of Nemelex Xobeh.
  2618 | D:3      | Reached XP level 5. HP: 38/41 MP: 6/6
  2759 | D:4      | Noticed Menkaure
  2768 | D:3      | Slain by Menkaure

Skill      XL: |  1  2  3  4 |
---------------+-------------+-----
Hexes          | 3 |  3.1
Slings         | 3 4 |  4.8
Fighting       | 2 |  2.1
Dodging        | |  1.7
Spellcasting   | |  1.0

Action                   |  1- 3 |  4- 6 || total
-------------------------+-------+-------++-------
 Fire: Hunting sling     |   151 |   117 ||   268
 Cast: Corona            |       |     1 ||     1
  Use: Scroll            |     1 |     6 ||     7
       Potion            |       |     2 ||     2
  Eat: Ration            |       |     1 ||     1
Armor: Robe              |    18 |    27 ||    45
Dodge: Dodged            |    15 |    37 ||    52
